Map: Lost and Found LE

Players

Adapt - Winner!

  • Race: Zerg Zerg
  • League: Diamond
  • Spawn Location: 1:00

ThaiChili

  • Race: Terran Terran
  • League: Diamond
  • Spawn Location: 7:00

VOD

Have the link to the VOD?

Description

zerg ez race

Time

  • Played on: July 24, 2018, 9:07 p.m.
  • Length: 19:17
Show
View Real Time Build Order
Export as new Build Order

Adapt Zerg - Winner!

Build Orders: Hatch First 

Get SALT Encoding   

  12  0:08  Overlord  
  12  0:13  Drone  
  13  0:16  Drone  
  14  0:27  Drone  
  15  0:30  Drone  
  16  0:41  Drone  
  17  0:53  Hatchery  
  17  0:56  Drone  
  17  1:02  Drone  
  18  1:10  Extractor  
  17  1:16  Spawning Pool  
  17  1:18  Drone  
  17  1:24  Drone  
  18  1:34  Drone  
  19  1:46  Overlord  
  19  1:56  Drone  
  20  2:04  Queen  
  20  2:06  Queen  
  20  2:07  Zergling x4  
  26  2:18  Drone x2  
  28  2:30  Hatchery  
  28  2:34  Drone x2  
  28  2:36  Metabolic Boost  
  28  2:51  Drone  
  29  3:11  Queen  
  32  3:12  Drone  
  32  3:13  Overlord  
  32  3:19  Drone x4  
  36  3:32  Drone x3  
  36  3:33  Drone x2  
  36  3:34  Overlord  
  41  3:42  Drone x2  
  41  3:45  Drone  
  41  3:46  Queen  
  46  3:57  Zergling x6  
  46  4:01  Zergling x2  
  50  4:09  Zergling x2  
  51  4:10  Zergling x2  
  52  4:18  Zergling x2  
  52  4:19  Zergling x4  
  52  4:23  Queen  
  57  4:25  Drone  
  57  4:30  Zergling x6  
  57  4:31  Zergling x4  
  58  4:34  Overlord x2  
  58  4:35  Overlord  
  50  4:46  Overlord x2  
  48  4:53  Drone x2, Queen x2  
  48  4:57  Drone x2  
  54  5:01  Lair  
  54  5:05  Extractor  
  53  5:08  Evolution Chamber  
  53  5:11  Evolution Chamber  
  53  5:12  Drone x2  
  53  5:13  Drone  
  53  5:14  Baneling Nest, Hatchery  
  49  5:22  Zergling x8  
  49  5:35  Drone x2  
  49  5:36  Drone x3  
  53  5:52  Drone x2  
  55  5:59  Queen x2  
  55  6:01  Drone  
  55  6:02  Drone  
  61  6:09  Hydralisk Den  
  60  6:23  Drone x3  
  60  6:42  Grooved Spines  
  60  6:43  Drone  
  60  6:44  Drone x12  
  73  6:52  Baneling  
  73  6:54  Centrifical Hooks  
  73  6:57  Spine Crawler  
  72  7:04  Zergling x14  
  79  7:09  Zerg Ground Armor Level 1  
  79  7:11  Zerg Melee Weapons Level 1  
  79  7:20  Extractor, Drone x3  
  79  7:21  Extractor  
  79  7:22  Drone x3  
  83  7:23  Drone x2  
  85  7:33  Hydralisk  
  85  7:34  Hydralisk  
  89  7:47  Spore Crawler x2, Spine Crawler x2, Drone x3  
  89  7:48  Spore Crawler, Drone x5  
  89  7:49  Spore Crawler  
  89  7:50  Extractor x2  
  89  7:52  Extractor  
  89  7:53  Extractor, Drone x2  
  89  7:54  Muscular Augments, Drone  
  89  7:56  Drone  
  89  7:57  Drone  
  92  7:58  Drone  
  92  8:02  Overseer  
  93  8:06  Overlord x2  
  93  8:15  Zergling x4  
  95  8:33  Drone x3  
  99  8:34  Drone x3  
  99  8:37  Spine Crawler  
  99  8:38  Spine Crawler, Drone x6  
  99  8:39  Drone x6  
  111  8:44  Infestation Pit  
  110  8:49  Zergling x2  
  110  8:53  Overlord x5  
  111  8:57  Overlord x2  
  111  9:11  Zergling x2  
  111  9:12  Zergling x22  
  123  9:17  Zergling x2  
  123  9:18  Zergling x6  
  128  9:24  Zergling x2  
  128  9:26  Baneling x2  
  128  9:27  Baneling x9  
  128  9:28  Zergling x2  
  128  9:29  Zergling x2  
  122  9:41  Zergling x10  
  122  10:03  Hydralisk x6  
  122  10:04  Hydralisk x4  
  141  10:15  Hive  
  141  10:18  Hatchery, Extractor  
  141  10:20  Extractor  
  138  10:24  Pathogen Glands, Spire  
  137  10:41  Drone x2  
  139  10:43  Drone x3  
  139  10:44  Drone  
  139  10:49  Infestor  
  143  10:50  Infestor x4  
  126  11:20  Zergling x18  
  126  11:21  Zergling x10, Neural Parasite  
  111  11:32  Zergling x6  
  104  11:33  Zergling x8  
  106  11:44  Hydralisk x4  
  106  11:45  Hydralisk  
  118  11:48  Greater Spire  
  118  11:54  Hydralisk x3  
  117  11:56  Hatchery  
  117  11:57  Adrenal Glands  
  117  11:59  Zerg Melee Weapons Level 2  
  124  12:03  Zergling x2  
  124  12:04  Zergling x8  
  124  12:06  Baneling x3  
  124  12:07  Baneling x6  
  119  12:18  Drone  
  119  12:19  Drone x4  
  114  12:33  Corruptor  
  114  12:34  Corruptor x5  
  126  12:49  Drone  
  126  12:50  Drone x2  
  129  12:52  Corruptor  
  129  12:53  Corruptor  
  129  12:57  Burrow  
  133  13:00  Zerg Missile Weapons Level 1  
  133  13:01  Zerg Flyer Weapons Level 1  
  133  13:14  Zergling x2  
  133  13:15  Zergling x14  
  141  13:25  Queen  
  143  13:27  Extractor, Queen  
  143  13:31  Extractor  
  143  13:32  Hatchery  
  144  13:34  Brood Lord x3  
  144  13:36  Brood Lord  
  144  13:41  Overlord x3  
  144  14:08  Brood Lord x4, Queen  
  125  14:19  Zergling x2  
  125  14:20  Zergling x24  
  114  14:37  Hydralisk  
  114  14:38  Hydralisk x5  
  116  14:43  Drone x2  
  128  14:56  Hatchery  
  122  15:09  Drone  
  122  15:10  Drone x7  
  130  15:16  Zerg Flyer Armor Level 1  
  130  15:18  Zerg Melee Weapons Level 3  
  130  15:19  Zerg Missile Weapons Level 2  
  130  15:20  Hydralisk x5  
  140  15:35  Spine Crawler x2, Infestor  
  141  15:36  Spine Crawler  
  139  15:49  Drone x3  
  142  15:50  Infestor  
  142  15:51  Infestor x2  
  142  15:56  Drone x3  
  151  16:03  Drone  
  152  16:04  Drone x2  
  154  16:12  Spine Crawler  
  153  16:27  Hydralisk  
  153  16:28  Hydralisk x5  
  165  16:36  Infestor  
  165  16:37  Infestor x2  
  171  16:40  Overlord  
  171  16:49  Baneling  
  171  16:50  Baneling x11  
  165  17:07  Spine Crawler  
  139  17:26  Hydralisk  
  139  17:27  Hydralisk x11  
  135  17:42  Hydralisk  
  135  17:43  Hydralisk x5  
  147  17:52  Zergling x14  
  154  17:58  Infestor x10  
  154  18:00  Corruptor  
  154  18:01  Corruptor  
  158  18:18  Zergling x24  
  169  18:28  Hydralisk  
  169  18:29  Hydralisk  
  152  18:46  Hydralisk  
  152  18:47  Hydralisk x8  
  167  18:53  Zergling x2  
  167  18:54  Zergling x4  
Show
View Real Time Build Order
Export as new Build Order

ThaiChili Terran 

Build Orders: Liberator Opening, Reaper Expand, Mech 

Get SALT Encoding   

  12  0:01  SCV  
  13  0:13  SCV  
  14  0:17  Supply Depot  
  14  0:25  SCV  
  15  0:28  Refinery  
  15  0:39  SCV  
  16  0:46  Barracks  
  16  0:51  SCV  
  17  1:03  SCV  
  18  1:15  SCV  
  19  1:35  Orbital Command, Reaper  
  20  1:45  Command Center  
  20  1:56  Factory  
  20  2:01  SCV  
  21  2:03  Refinery  
  21  2:09  Barracks Reactor  
  21  2:13  SCV  
  22  2:20  Supply Depot  
  22  2:39  Starport  
  22  2:50  SCV  
  22  2:53  Hellion x2  
  27  2:59  Orbital Command  
  26  3:08  SCV  
  26  3:09  Armory  
  27  3:15  Hellion  
  27  3:16  Medivac  
  31  3:20  SCV  
  31  3:25  SCV  
  33  3:29  Hellion  
  33  3:33  Liberator  
  35  3:38  Supply Depot, SCV  
  35  3:39  Hellion  
  38  3:41  Marine  
  38  3:43  SCV  
  43  3:56  Hellion  
  43  3:59  SCV  
  46  4:03  Supply Depot  
  46  4:09  SCV  
  47  4:20  Hellion x2  
  51  4:44  Hellion x2  
  55  4:51  Factory  
  55  4:52  Factory  
  53  4:55  Command Center  
  51  5:01  Starport Tech Lab  
  51  5:07  Factory  
  51  5:10  Refinery  
  51  5:11  Factory  
  51  5:20  SCV  
  50  5:29  Hellion x2  
  50  5:40  Factory Tech Lab  
  50  5:42  Factory Tech Lab  
  48  5:47  SCV  
  48  5:48  SCV  
  48  5:49  Refinery  
  47  5:53  Factory Tech Lab  
  47  5:54  Starport Reactor  
  47  5:55  Factory Tech Lab  
  47  5:59  Siege Tank, Hellion x2  
  47  6:00  SCV  
  47  6:02  SCV  
  56  6:11  Engineering Bay  
  56  6:12  SCV  
  56  6:14  SCV  
  56  6:17  Siege Tank  
  61  6:25  Refinery x2  
  61  6:26  SCV  
  62  6:36  Siege Tank  
  62  6:37  Siege Tank  
  68  6:40  Missile Turret  
  68  6:41  SCV  
  68  6:45  Missile Turret  
  69  6:50  Supply Depot  
  69  6:51  Missile Turret  
  69  6:54  Missile Turret, Planetary Fortress  
  69  6:56  SCV  
  70  7:05  Siege Tank  
  70  7:06  Hellion  
  75  7:13  Supply Depot  
  75  7:16  Siege Tank  
  75  7:17  SCV  
  75  7:19  SCV  
  80  7:29  SCV  
  81  7:31  SCV, Terran Vehicle Weapons Level 1  
  81  7:32  Supply Depot  
  81  7:34  Siege Tank  
  85  7:41  SCV  
  86  7:45  SCV  
  86  7:47  Missile Turret  
  86  7:50  Thor  
  93  7:53  SCV x2  
  93  7:55  Supply Depot  
  95  8:02  Supply Depot  
  95  8:03  Supply Depot, SCV  
  96  8:06  SCV  
  96  8:12  SCV  
  98  8:15  SCV  
  98  8:19  Thor  
  99  8:26  Armory  
  105  8:28  Supply Depot  
  105  8:30  Supply Depot  
  105  8:32  SCV x3  
  108  8:44  SCV  
  108  8:46  Siege Tank x2  
  108  8:47  Thor  
  121  8:49  SCV  
  121  8:50  SCV  
  123  8:59  Viking x2  
  123  9:00  SCV  
  123  9:02  SCV  
  129  9:08  SCV  
  130  9:26  Siege Tank x2  
  130  9:30  Siege Tank  
  137  9:37  Command Center  
  127  9:57  Thor  
  127  9:58  Terran Vehicle Weapons Level 2  
  127  9:59  Terran Vehicle And Ship Armor Level 1  
  131  10:04  Supply Depot  
  131  10:05  Supply Depot  
  129  10:07  Supply Depot  
  129  10:09  Thor  
  129  10:13  SCV x2  
  137  10:20  Command Center  
  137  10:32  Command Center  
  137  10:45  Siege Tank  
  137  10:46  Thor, Hellion  
  137  10:47  Hellion x3  
  137  10:48  Infernal Pre-Igniter  
  152  10:52  Refinery  
  152  10:54  Supply Depot x2  
  152  10:55  Planetary Fortress  
  152  10:56  Supply Depot  
  152  10:59  SCV x3  
  156  11:11  SCV x3  
  142  11:22  Siege Tank x2  
  142  11:23  Hellion x2  
  142  11:24  Hellion  
  134  11:31  Siege Tank  
  137  11:37  Refinery  
  137  11:40  SCV  
  137  11:45  Hellion x2  
  142  11:48  Siege Tank  
  142  11:53  Planetary Fortress  
  142  11:54  Refinery, Siege Tank  
  148  11:58  Planetary Fortress  
  148  12:02  SCV  
  148  12:03  Missile Turret, SCV  
  148  12:04  Missile Turret  
  148  12:05  Supply Depot  
  149  12:10  Siege Tank x2  
  149  12:12  Hellion  
  157  12:19  Thor  
  157  12:20  Terran Vehicle And Ship Armor Level 2  
  146  12:28  Refinery  
  137  12:30  Hellion x2  
  137  12:31  Supply Depot  
  141  12:38  SCV  
  141  12:40  Hellion  
  144  12:48  Thor  
  150  13:00  Missile Turret  
  150  13:02  Missile Turret  
  150  13:04  SCV x3  
  153  13:07  Thor x2  
  153  13:10  Smart Servos  
  153  13:11  Siege Tank  
  170  13:12  Hellion  
  170  13:14  Viking  
  172  13:30  Terran Vehicle Weapons Level 3  
  172  13:35  Siege Tank  
  175  13:43  Thor  
  175  13:44  Starport, Supply Depot x2  
  181  13:54  Hellion x2  
  181  13:55  Hellion  
  187  13:56  SCV x2  
  180  14:20  Thor x3  
  173  14:26  Thor  
  173  14:28  Starport Reactor  
  173  14:29  Viking  
  173  14:31  Hellion x2  
  153  14:38  Starport  
  153  14:41  Structure Armor  
  145  14:52  Hellion  
  145  15:03  Hellion  
  145  15:04  Hellion  
  143  15:08  Hellion x2  
  143  15:09  Hellion  
  143  15:11  Viking  
  143  15:12  Viking  
  153  15:15  Starport Tech Lab  
  153  15:17  Fusion Core  
  153  15:19  Terran Vehicle And Ship Armor Level 3  
  153  15:31  Viking x2  
  157  15:35  Thor  
  157  15:39  SCV  
  164  15:47  Siege Tank, Thor  
  173  15:50  Command Center x2  
  173  15:53  Liberator x2  
  173  16:03  Raven  
  181  16:13  Siege Tank, Hellion  
  181  16:14  Hellion  
  188  16:19  Hellion  
  190  16:38  Siege Tank x2  
  196  16:46  Raven  
  198  16:47  Hellbat, Command Center  
  197  16:59  Command Center  
  164  17:15  Marine  
  126  17:33  Marine  
  115  17:41  Thor  
  115  17:42  Siege Tank, Thor x2  
  115  17:43  Hellion x2  
  109  17:55  Viking  
  109  17:56  Viking x3  
  113  18:05  Viking  
  110  18:13  Hellion x2  
  110  18:14  Siege Tank  
  117  18:24  Thor x2  
  117  18:25  Viking  
  122  18:34  Hellion  
  98  18:48  SCV  
Tags
 
Add a new tag
Caveats
  • Supply blocks, unpowered buildings, or Contaminate may cause inaccurate times.
  • Supply counts are checked every 10 seconds.